 Dungeon Crawl Stone Soup version 0.28-a0-1594-ga885d4b3d6 (webtiles) character file.

Game seed: 13961231481286079176

395 cyrus the Slasher (level 6, -3/55 HPs)
             Began as a Minotaur Fighter on Jan 21, 2022.
             Was an Initiate of Gozag.
             Slain by Pikel (5 damage)
             ... on level 4 of the Dungeon.
             The game lasted 00:13:48 (3027 turns).

cyrus the Slasher (Minotaur Fighter)                Turns: 3027, Time: 00:13:49

Health: -3/55      AC: 10    Str: 20    XL:     6   Next: 52%
Magic:  5/5        EV:  9    Int:  7    God:    Gozag
Gold:   347        SH:  5    Dex: 10    Spells: 5/5 levels left

rFire   . . .      SeeInvis .   a - +0 long sword
rCold   . . .      Faith    .   c - +0 buckler
rNeg    . . .      Spirit   .   b - +1 scale mail
rPois   .          Reflect  .   (helmet restricted)
rElec   .          Harm     .   (no cloak)
rCorr   .          Rampage  .   m - +1 pair of gloves
Will    .....                   (no boots)
Stlth   ..........              (no amulet)
HPRegen 0.18/turn               f - ring of wizardry
MPRegen 0.09/turn               (no ring)

@: no status effects
A: horns 2, retaliatory headbutt
a: Renounce Religion, Potion Petition, Call Merchant, Bribe Branch


You were on level 4 of the Dungeon.
You worshipped Gozag.
Gozag was aware of your devotion.
You visited 1 branch of the dungeon, and saw 4 of its levels.

You collected 431 gold pieces.
You paid 84 gold pieces to Gozag.

Inventory:

Hand Weapons
 a - a +0 long sword (weapon)
Missiles
 o - 6 boomerangs (quivered)
Armour
 b - a +1 scale mail (worn)
 c - a +0 buckler (worn)
 g - a +1 chain mail of willpower
 m - a +1 pair of gloves (worn)
Jewellery
 f - a ring of wizardry (left hand)
 p - a ring of magical power
Wands
 q - a wand of iceblast (5)
Scrolls
 d - 2 scrolls of magic mapping
 e - 4 scrolls of identify
 i - 3 scrolls of teleportation
 r - a scroll of blinking {unknown}
 s - a scroll of brand weapon {unknown}
Potions
 h - 2 potions of ambrosia {unknown}
 j - 3 potions of curing {unknown}
 k - 2 potions of degeneration {unknown}
 l - 2 potions of heal wounds {unknown}
 n - 2 potions of berserk rage {unknown}


   Skills:
 + Level 4.9 Fighting
 + Level 5.5 Long Blades
 + Level 4.9 Armour
 + Level 1.6 Dodging
 + Level 0.6 Stealth
 + Level 4.9 Shields


You had 5 spell levels left.
You didn't know any spells.
Your spell library contained the following spells:

 Spells                   Type           Power      Damage    Failure   Level
 Olgreb's Toxic Radiance  Pois           0%         N/A       99%         4
 Ozocubu's Refrigeration  Ice            0%         4d5       100%        7
 Ignition                 Fire           0%         3d3       100%        8


Dungeon Overview and Level Annotations

Branches:
Dungeon (4/15)
 Temple: D:4-7

Altars:
Gozag

Annotations:
D:4 Pikel


Innate Abilities, Weirdness & Mutations

You have a pair of horns on your head.
You reflexively headbutt those who attack you in melee.


Message History

Reactivating autopickup.
You barely miss Pikel. Your headbutt misses Pikel.
Pikel says, "You'll feel the lick of my whip!"
Pikel hits you with a +1 whip of freezing!
Pikel freezes you.
* * * LOW HITPOINT WARNING * * *
You barely miss Pikel.
Pikel hits you with a +1 whip of freezing.
* * * LOW HITPOINT WARNING * * *
Pikel freezes you.
* * * LOW HITPOINT WARNING * * *
You closely miss Pikel. Pikel hits you but does no damage.
You block Pikel's attack.
You hit Pikel but do no damage. Pikel barely misses you.
Aiming: Iceblast
Press: ? - help, Q - select action, (/) - cycle Shift-Dir - straight line, f - lemure, p - lemure
Aim: a lemure That beam is likely to hit you.
Continue anyway?
Okay, then.
You slash Pikel! Your headbutt misses Pikel.
Pikel is moderately wounded.
Pikel completely misses you.
Unknown command.
You hit Pikel. Your headbutt misses Pikel.
Pikel is moderately wounded.
Pikel hits you but does no damage.
You closely miss Pikel. Your headbutt misses Pikel.
Pikel is moderately wounded.
Pikel hits you with a +1 whip of freezing!
* * * LOW HITPOINT WARNING * * *
Pikel freezes you.
* * * LOW HITPOINT WARNING * * *
You hit Pikel.
Pikel is moderately wounded.
You block Pikel's attack.
You completely miss Pikel.
Pikel is moderately wounded.
Pikel hits you with a +1 whip of freezing.
You die...
Your body crumbles into a pile of gold.

.....## #....######......#
.....## ###......##....##..#
......##....#..........# #
..##......###...##.....#
........### #..###.....##
.....#...####...###.....#
...####..#.##..## #...#### ..#
#...##....###5.##..## .#
###..#..#.@K555#....# .
##.......######....+
#..###...###..##..##
##..###....#....'#'### ###
#..........#....##...##+#..
#.....###....##..##.....##...
.......###.....##'##.......#...
#.............##..##...8...##..
.#............#....#)......##'#


You could see Pikel and 4 lemures.

Vanquished Creatures
  Sigmund (D:2)
  A scorpion (D:4)
  2 hound skeletons (D:4)
  4 gnolls (D:3)
  3 adders
  A dart slug (D:2)
  2 orcs
  7 bats
  5 endoplasms
  9 giant cockroaches
  7 goblins
  5 hobgoblins
  4 jackals
  8 quokkas
  7 ball pythons
  6 frilled lizards
  2 kobolds
  6 rats
80 creatures vanquished.

Notes
Turn   | Place    | Note
-------+----------+-------------------------------------------
     0 | D:1      | cyrus the Minotaur Fighter began the quest for the Orb.
     0 | D:1      | Reached XP level 1. HP: 19/19 MP: 0/0
   235 | D:1      | Reached XP level 2. HP: 24/27 MP: 1/1
   717 | D:1      | Reached skill level 3 in Long Blades
   839 | D:2      | Noticed Sigmund
   845 | D:2      | Killed Sigmund
   846 | D:2      | Reached skill level 4 in Long Blades
   846 | D:2      | Reached XP level 3. HP: 27/34 MP: 2/2
   846 | D:2      | Reached XP level 4. HP: 33/41 MP: 3/3
   846 | D:2      | Reached XP level 5. HP: 38/47 MP: 4/4
  1266 | D:2      | Reached skill level 5 in Long Blades
  2070 | D:3      | Reached skill level 1 in Dodging
  2225 | D:3      | Reached XP level 6. HP: 35/55 MP: 5/5
  2398 | D:3      | Found an opulent altar of Gozag.
  2407 | D:3      | Became a worshipper of Gozag Ym Sagoz the Greedy
  2989 | D:4      | Noticed Pikel
  3025 | D:4      | HP: 2/55 [Pikel (2)]
  3027 | D:4      | Slain by Pikel

Illustrated notes

Levels and vault maps discovered:
D:1:      dpeg_arrival_arbitrary_b, layout_basic
D:2:      minmay_recursive_quarters, layout_basic, uniq_sigmund
D:3:      layout_loops_cross, lemuel_crystal_altar, grunt_ministairs_6,
          skrybe_limestone_x, serial_bayou_pond_e, kennysheep_generic_room_13
D:4:      minmay_bubble_buster, layout_layer_cave, minmay_temple_entry_wispy,
          minivault_25, uniq_pikel, uniq_edmund, uniq_blork_the_orc

Skill      XL: |  1  2  3  4  5 |
---------------+----------------+-----
Armour         | 4 |  4.9
Fighting       | 4 |  4.9
Long Blades    | 4 5 |  5.5
Shields        | 4 |  4.9
Dodging        | 1 |  1.6
Stealth        | |  0.6

Action                   |  1- 3 |  4- 6 || total
-------------------------+-------+-------++-------
Melee: Long sword        |    61 |   139 ||   200
       Headbutt          |     5 |    10 ||    15
Throw: Boomerang         |       |     2 ||     2
Evoke: Wand              |       |     1 ||     1
  Use: Potion            |     1 |       ||     1
       Scroll            |       |     3 ||     3
Armor: Scale mail        |    26 |    80 ||   106
Dodge: Dodged            |    22 |    67 ||    89
Block: Buckler           |    14 |    37 ||    51

Table legend: (Time is in decaauts)
 A = Elapsed time spent in this place.
 B = Non-inter-level travel time spent in this place.
 C = Inter-level travel time spent in this place.
 D = Time resting spent in this place.
 E = Time spent auto-exploring this place.
 F = Levels seen in this place.
 G = Mean time per level.
                   A        B        C        D        E       F      G
               +--------+--------+--------+--------+--------+-----+--------+
         Total |   3073 |   3059 |     14 |    193 |   1999 |   4 |  768.2 |
       Dungeon |   3073 |   3059 |     14 |    193 |   1999 |   4 |  768.2 |
               +--------+--------+--------+--------+--------+-----+--------+

Top non-repeatable levels by time:
     D:2: 1063 daAuts
     D:3: 869 daAuts
     D:1: 856 daAuts
     D:4: 283 daAuts
